% Time on Ice - COLORADO GLACIERCATS
Lines # - Real PCT - Wanted PCT - Time Play
Normal Forward
1 - 33% - 40% - 16:09
2 - 35% - 40% - 17:12
3 - 27% - 15% - 13:00
4 - 5% - 5% - 2:25
Normal Defense
1 - 32% - 40% - 15:45
2 - 34% - 35% - 16:44
3 - 32% - 20% - 15:23
4 - 2% - 5% - 0:54
PP Forward
1 - 42% - 50% - 3:02
2 - 58% - 50% - 4:14
PP Defense
1 - 47% - 50% - 3:23
2 - 53% - 50% - 3:53
PK Forward
1 - 47% - 50% - 1:52
2 - 53% - 50% - 2:06
PK Defense
1 - 47% - 40% - 1:51
2 - 53% - 60% - 2:07
PK3 Forward
1 - 0% - 50%
2 - 0% - 50%
PK3 Defense
1 - 0% - 50%
2 - 0% - 50%
44 Forward
1 - 0% - 50%
2 - 0% - 50%
44 Defense
1 - 0% - 50%
2 - 0% - 50%
Last Minute Offensive  - 0:00
Last Minute Defensive  - 0:00
Total
Forward - 60:00
Defense - 60:00
% Time on Ice - KANSAS CITY KILLERBEES
Lines # - Real PCT - Wanted PCT - Time Play
Normal Forward
1 - 34% - 36% - 16:26
2 - 33% - 34% - 15:56
3 - 19% - 23% - 9:28
4 - 14% - 7% - 6:56
Normal Defense
1 - 36% - 36% - 17:29
2 - 34% - 35% - 16:26
3 - 29% - 28% - 13:56
4 - 2% - 1% - 0:55
PP Forward
1 - 58% - 55% - 2:17
2 - 42% - 45% - 1:41
PP Defense
1 - 42% - 50% - 1:41
2 - 58% - 50% - 2:17
PK Forward
1 - 62% - 55% - 4:30
2 - 38% - 45% - 2:46
PK Defense
1 - 53% - 50% - 3:52
2 - 47% - 50% - 3:24
PK3 Forward
1 - 0% - 55%
2 - 0% - 45%
PK3 Defense
1 - 0% - 50%
2 - 0% - 50%
44 Forward
1 - 0% - 55%
2 - 0% - 45%
44 Defense
1 - 0% - 50%
2 - 0% - 50%
Last Minute Offensive  - 0:00
Last Minute Defensive  - 0:00
Total
Forward - 60:00
Defense - 60:00
Play-by-Play 1st period 0:01 of 1st period - Sean Couturier wins face-off versus Tomas Hertl in neutral zone. 0:17 of 1st period - Shot by Tomas Hertl. 0:17 of 1st period - Stopped by John Gibson with a rebound. 0:25 of 1st period - Shot by Tomas Hertl. 0:25 of 1st period - Shot Misses the Net. 0:27 of 1st period - Shot by Ryan Ellis. 0:27 of 1st period - Shot Blocked by Adam Larsson. 0:29 of 1st period - Shot by Tomas Hertl. 0:29 of 1st period - Deflect By Dustin Brown. 0:29 of 1st period - Shot Blocked by Cam Fowler. 0:31 of 1st period - Shot by Ryan Ellis. 0:31 of 1st period - Goal by Ryan Ellis - COLORADO GLACIERCATS : 1 - KANSAS CITY KILLERBEES : 0. 0:32 of 1st period - Brayden Schenn wins face-off versus Paul Stastny in neutral zone. 0:36 of 1st period - Joonas Donskoi is hit by Will Butcher and loses puck. 0:53 of 1st period - Shot by Joonas Donskoi. 0:53 of 1st period - Stopped by John Gibson with a rebound. 0:59 of 1st period - Shot by Brayden Schenn. 0:59 of 1st period - Shot Misses the Net. 1:01 of 1st period - Shot by Joonas Donskoi. 1:01 of 1st period - Stopped by John Gibson without a rebound. 1:02 of 1st period - Luke Glendening wins face-off versus Riley Sheahan in KANSAS CITY KILLERBEES zone. 2:01 of 1st period - Icing by Michael Matheson. 2:02 of 1st period - Scott Laughton wins face-off versus Paul Stastny in COLORADO GLACIERCATS zone. 2:02 of 1st period - Scott Laughton is hit by Zach Hyman. 2:36 of 1st period - Shot by Zach Hyman. 2:36 of 1st period - Stopped by Darcy Kuemper with a rebound. 4:10 of 1st period - Michael Matheson is hit by Josh Archibald. 4:14 of 1st period - Michael Matheson is hit by Josh Archibald and loses puck. 5:30 of 1st period - Scott Laughton is hit by Zach Hyman and loses puck. 5:41 of 1st period - Shot by Nick Schmaltz. 5:41 of 1st period - Stopped by Darcy Kuemper without a rebound. 5:42 of 1st period - Sean Couturier wins face-off versus Tomas Hertl in COLORADO GLACIERCATS zone. 5:58 of 1st period - Icing by Johnny Boychuk. 5:59 of 1st period - Tomas Hertl wins face-off versus Ryan Dzingel in COLORADO GLACIERCATS zone. 7:01 of 1st period - Shot by Brayden Schenn. 7:01 of 1st period - Deflect By Joonas Donskoi. 7:01 of 1st period - Stopped by John Gibson without a rebound. 7:02 of 1st period - Cole Bardreau wins face-off versus Sean Couturier in KANSAS CITY KILLERBEES zone. 7:12 of 1st period - Icing by Sean Couturier. 7:13 of 1st period - Sean Couturier wins face-off versus Brayden Schenn in KANSAS CITY KILLERBEES zone. 7:17 of 1st period - Icing by Mark Stone. 7:18 of 1st period - Sean Couturier wins face-off versus Brayden Schenn in KANSAS CITY KILLERBEES zone. 7:20 of 1st period - Icing by Mark Stone. 7:21 of 1st period - Brayden Schenn wins face-off versus Sean Couturier in KANSAS CITY KILLERBEES zone. 8:17 of 1st period - Zach Hyman is hit by Devon Toews and loses puck. 8:47 of 1st period - Shot by Paul Stastny. 8:47 of 1st period - Shot Misses the Net. 8:49 of 1st period - Shot by Zach Hyman. 8:49 of 1st period - Goal by Zach Hyman - COLORADO GLACIERCATS : 1 - KANSAS CITY KILLERBEES : 1. 8:50 of 1st period - Riley Sheahan wins face-off versus Leon Draisaitl in neutral zone. 9:00 of 1st period - Tyler Ennis is hit by Johnny Boychuk and loses puck. 9:14 of 1st period - Minor Penalty to Oscar Fantenberg for Interference. 9:15 of 1st period - Riley Sheahan wins face-off versus Leon Draisaitl in KANSAS CITY KILLERBEES zone. 9:23 of 1st period - Off-side. 9:24 of 1st period - Scott Laughton wins face-off versus Nicholas Ritchie in neutral zone. 9:37 of 1st period - Shot by Leon Draisaitl. 9:37 of 1st period - Shot Hit the Post. 9:39 of 1st period - Shot by Erik Johnson. 9:39 of 1st period - Shot Misses the Net. 9:41 of 1st period - Shot by Erik Johnson. 9:41 of 1st period - Stopped by John Gibson without a rebound. 9:42 of 1st period - Paul Stastny wins face-off versus Leon Draisaitl in KANSAS CITY KILLERBEES zone. 10:42 of 1st period - Shot by Joonas Donskoi. 10:42 of 1st period - Stopped by John Gibson with a rebound. 10:54 of 1st period - Shot by Dustin Brown. 10:54 of 1st period - Stopped by John Gibson without a rebound. 10:55 of 1st period - Tomas Hertl wins face-off versus Riley Sheahan in KANSAS CITY KILLERBEES zone. 11:16 of 1st period - Shot by Luke Glendening. 11:16 of 1st period - Stopped by John Gibson with a rebound. 12:10 of 1st period - Icing by Michael Matheson. 12:11 of 1st period - Scott Laughton wins face-off versus Paul Stastny in COLORADO GLACIERCATS zone. 12:11 of 1st period - Scott Laughton is hit by Zach Hyman. 12:32 of 1st period - Shot by Zach Hyman. 12:32 of 1st period - Stopped by Darcy Kuemper without a rebound. 12:33 of 1st period - Brayden Schenn wins face-off versus Trevor Moore in COLORADO GLACIERCATS zone. 12:55 of 1st period - Shot by Joonas Donskoi. 12:55 of 1st period - Shot Misses the Net. 13:02 of 1st period - Joonas Donskoi is hit by Adam Larsson. 13:05 of 1st period - Minor Penalty to Adam Larsson for Tripping. 13:06 of 1st period - Riley Sheahan wins face-off versus Tomas Hertl in KANSAS CITY KILLERBEES zone. 13:06 of 1st period - Riley Sheahan is hit by Brayden Schenn. 14:00 of 1st period - Icing by Dustin Brown. 14:01 of 1st period - Paul Stastny wins face-off versus Scott Laughton in COLORADO GLACIERCATS zone. 14:18 of 1st period - Shot by Ryan Ellis. 14:18 of 1st period - Shot Blocked by Colin Miller. 14:46 of 1st period - Icing by Ryan Ellis. 14:47 of 1st period - Riley Sheahan wins face-off versus Scott Laughton in COLORADO GLACIERCATS zone. 14:54 of 1st period - Shot by Riley Sheahan. 14:54 of 1st period - Goal by Riley Sheahan - COLORADO GLACIERCATS : 1 - KANSAS CITY KILLERBEES : 2. 14:55 of 1st period - Paul Stastny wins face-off versus Tomas Hertl in neutral zone. 15:05 of 1st period - Shot by Tomas Hertl. 15:05 of 1st period - Stopped by John Gibson without a rebound. 15:06 of 1st period - Sean Couturier wins face-off versus Brayden Schenn in KANSAS CITY KILLERBEES zone. 15:32 of 1st period - Off-side. 15:33 of 1st period - Tomas Hertl wins face-off versus Paul Stastny in neutral zone. 15:43 of 1st period - Shot by Leon Draisaitl. 15:43 of 1st period - Deflect By Dustin Brown. 15:43 of 1st period - Stopped by John Gibson with a rebound. 15:45 of 1st period - Shot by Tomas Hertl. 15:45 of 1st period - Stopped by John Gibson with a rebound. 15:49 of 1st period - Shot by Leon Draisaitl. 15:49 of 1st period - Stopped by John Gibson without a rebound. 15:50 of 1st period - Brayden Schenn wins face-off versus Riley Sheahan in KANSAS CITY KILLERBEES zone. 15:53 of 1st period - Shot by Joonas Donskoi. 15:53 of 1st period - Stopped by John Gibson without a rebound. 15:54 of 1st period - Paul Stastny wins face-off versus Scott Laughton in KANSAS CITY KILLERBEES zone. 16:28 of 1st period - Shot by Scott Laughton. 16:28 of 1st period - Stopped by John Gibson with a rebound. 17:04 of 1st period - Icing by Nick Schmaltz. 17:05 of 1st period - Leon Draisaitl wins face-off versus Paul Stastny in KANSAS CITY KILLERBEES zone. 17:06 of 1st period - Shot by Dustin Brown. 17:06 of 1st period - Shot Misses the Net. 17:08 of 1st period - Shot by Leon Draisaitl. 17:08 of 1st period - Shot Blocked by Cam Fowler. 17:10 of 1st period - Shot by Michael Matheson. 17:10 of 1st period - Stopped by John Gibson with a rebound. 17:27 of 1st period - Shot by Dustin Brown. 17:27 of 1st period - Shot Blocked by Cam Fowler. 17:29 of 1st period - Shot by Zach Bogosian. 17:29 of 1st period - Stopped by John Gibson without a rebound. 17:30 of 1st period - Brayden Schenn wins face-off versus Sean Couturier in KANSAS CITY KILLERBEES zone. 18:12 of 1st period - Shot by Zach Parise. 18:12 of 1st period - Shot Blocked by Johnny Boychuk. 18:15 of 1st period - Icing by Johnny Boychuk. 18:16 of 1st period - Brayden Schenn wins face-off versus Riley Sheahan in COLORADO GLACIERCATS zone. 18:37 of 1st period - Shot by Tomas Hertl. 18:37 of 1st period - Stopped by John Gibson without a rebound. 18:38 of 1st period - Leon Draisaitl wins face-off versus Trevor Moore in KANSAS CITY KILLERBEES zone. 19:03 of 1st period - Michael Matheson is hit by Colin Miller and loses puck. 19:10 of 1st period - Shot by Ryan Dzingel. 19:10 of 1st period - Shot Blocked by Zach Bogosian. 19:32 of 1st period - Justin Holl is hit by Scott Laughton. 19:33 of 1st period